TOP OF THE 1ST |
Gwinnett County Black Cats batting - Pitching for Idaho Falls Chukars : RHP Noah Beck
|
Pitching: RHP Noah Beck
|
|
Batting: RHB Sidney Mackell
|
0-0: Ball 1-0: Called Strike 1-1: Ball 2-1: Foul Ball, location: 2F 2-2: Ball 3-2: Strikes out swinging
|
Batting: LHB Ramón Vega
|
0-0: Ball 1-0: SINGLE (Groundball, 6) (infield hit)
|
Batting: LHB Víctor Sánchez
|
0-0: Ball Ramón Vega steals 2nd base 1-0: Called Strike Ramón Vega steals 3rd base 1-1: Ball 2-1: Foul Ball, location: 2F 2-2: Ball 3-2: Fly out, F8 (Flyball, 89XD) Runner from 3rd tags up, SCORES, no throw
|
Batting: RHB Chang-lit Min
|
0-0: Ball 1-0: Ball 2-0: Called Strike 2-1: Foul Ball, location: 2F 2-2: Foul Ball, location: 2F 2-2: Foul Ball, location: 2F 2-2: Ground out 4-3 (Groundball, 4)
|
Top of the 1st over - 1 run, 1 hit, 0 errors, 0 left on base; Gwinnett County 1 - Idaho Falls 0 |
BOTTOM OF THE 1ST |
Idaho Falls Chukars batting - Pitching for Gwinnett County Black Cats : LHP Unto Leino
|
Pitching: LHP Unto Leino
|
|
Batting: RHB Yoichibei Chikafuji
|
0-0: Foul Ball, location: 2F 0-1: Foul Ball, location: 2F 0-2: Ball 1-2: Foul Ball, location: 2F 1-2: Ball 2-2: Strikes out swinging
|
Batting: LHB Jared Morningstar
|
0-0: Foul Ball, location: 2F 0-1: Ball 1-1: Ball 2-1: Ball 3-1: DOUBLE (Line Drive, 3D)
|
Batting: RHB Ilkka Haapajarvi
|
0-0: Ball 1-0: Ground out 5-3 (Groundball, 56)
|
Batting: SHB Tony Manzanares
|
0-0: Ball 1-0: Ball 2-0: Ball Passed Ball! Jared Morningstar to third 3-0: Called Strike 3-1: Foul Ball, location: 2F 3-2: Base on Balls
|
Batting: LHB Víctor Puente
|
0-0: Foul Ball, location: 2F 0-1: Ball 1-1: Ball 2-1: Ground out 4-3 (Groundball, 4)
|
Bottom of the 1st over - 0 runs, 1 hit, 0 errors, 2 left on base; Gwinnett County 1 - Idaho Falls 0 |
TOP OF THE 2ND |
Gwinnett County Black Cats batting - Pitching for Idaho Falls Chukars : RHP Noah Beck
|
Batting: LHB Marvello Obra
|
0-0: Called Strike 0-1: Called Strike 0-2: Ball 1-2: Strikes out looking
|
Batting: RHB Rikky van Opel
|
0-0: Ground out 5-3 (Groundball, 56)
|
Batting: RHB Bill Wilson
|
0-0: Ball 1-0: Fly out, F8 (Flyball, 8LM)
|
Top of the 2nd over - 0 runs, 0 hits, 0 errors, 0 left on base; Gwinnett County 1 - Idaho Falls 0 |
BOTTOM OF THE 2ND |
Idaho Falls Chukars batting - Pitching for Gwinnett County Black Cats : LHP Unto Leino
|
Batting: RHB Luo-lang Li
|
0-0: Called Strike 0-1: Ball 1-1: Fly out, F7 (Line Drive, 7)
|
Batting: LHB Juan Rosado
|
0-0: Ball 1-0: Ground out 6-3 (Groundball, 56)
|
Batting: LHB Wulf Paauwe
|
0-0: Swinging Strike 0-1: Reached on error, E3 (Groundball, 3)
|
Batting: RHB Paul Evison
|
0-0: Called Strike 0-1: Ball 1-1: Called Strike 1-2: Foul Ball, location: 2F 1-2: Foul Ball, location: 2F 1-2: Foul Ball, location: 2F 1-2: Ball 2-2: Strikes out swinging
|
Bottom of the 2nd over - 0 runs, 0 hits, 1 error, 1 left on base; Gwinnett County 1 - Idaho Falls 0 |
TOP OF THE 3RD |
Gwinnett County Black Cats batting - Pitching for Idaho Falls Chukars : RHP Noah Beck
|
Batting: RHB Elder Sarrano
|
0-0: Called Strike 0-1: Ball 1-1: Ball 2-1: Foul Ball, location: 2F 2-2: Foul Ball, location: 2F 2-2: Strikes out swinging
|
Batting: RHB José García
|
0-0: Called Strike 0-1: Foul Ball, location: 2F 0-2: Strikes out swinging
|
Batting: RHB Sidney Mackell
|
0-0: Ball 1-0: Called Strike 1-1: Called Strike 1-2: Ball 2-2: Ball 3-2: Fly out, F9 (Flyball, 9S)
|
Top of the 3rd over - 0 runs, 0 hits, 0 errors, 0 left on base; Gwinnett County 1 - Idaho Falls 0 |
BOTTOM OF THE 3RD |
Idaho Falls Chukars batting - Pitching for Gwinnett County Black Cats : LHP Unto Leino
|
Batting: RHB Yoichibei Chikafuji
|
0-0: Called Strike 0-1: Foul Ball, location: 2F 0-2: Ball 1-2: Ball 2-2: Foul Ball, location: 2F 2-2: Ball 3-2: Foul Ball, location: 2F 3-2: Foul Ball, location: 2F 3-2: Strikes out swinging
|
Batting: LHB Jared Morningstar
|
0-0: Called Strike 0-1: Ball 1-1: Called Strike 1-2: Ball 2-2: Ground out 1-3 (Groundball, P)
|
Batting: RHB Ilkka Haapajarvi
|
0-0: Ball 1-0: Ground out 6-3 (Groundball, 6)
|
Bottom of the 3rd over - 0 runs, 0 hits, 0 errors, 0 left on base; Gwinnett County 1 - Idaho Falls 0 |
TOP OF THE 4TH |
Gwinnett County Black Cats batting - Pitching for Idaho Falls Chukars : RHP Noah Beck
|
Batting: LHB Ramón Vega
|
0-0: Ball 1-0: Called Strike 1-1: Ball 2-1: Called Strike 2-2: Ground out 3-1 (Groundball, 34)
|
Batting: LHB Víctor Sánchez
|
0-0: Called Strike 0-1: Ball 1-1: Called Strike 1-2: Ball 2-2: SINGLE (Line Drive, 6D)
|
Batting: RHB Chang-lit Min
|
0-0: Foul Ball, location: 2F 0-1: Ball 1-1: Foul Ball, location: 2F 1-2: Fly out, F3 (Popup, 23)
|
Batting: LHB Marvello Obra
|
0-0: Ball 1-0: Called Strike 1-1: Foul Ball, location: 2F 1-2: Foul Ball, location: 2F 1-2: Ball 2-2: Ground out 4-3 (Groundball, 4)
|
Top of the 4th over - 0 runs, 1 hit, 0 errors, 1 left on base; Gwinnett County 1 - Idaho Falls 0 |
BOTTOM OF THE 4TH |
Idaho Falls Chukars batting - Pitching for Gwinnett County Black Cats : LHP Unto Leino
|
Batting: SHB Tony Manzanares
|
0-0: Called Strike 0-1: Swinging Strike 0-2: Ball 1-2: Ball 2-2: Fly out, F7 (Flyball, 7S)
|
Batting: LHB Víctor Puente
|
0-0: Ball 1-0: Called Strike 1-1: Ground out 4-3 (Groundball, 4)
|
Batting: RHB Luo-lang Li
|
0-0: Ball 1-0: Ball 2-0: Called Strike 2-1: Ball 3-1: SOLO HOME RUN (Flyball, 7LD), Distance : 383 ft
|
Batting: LHB Juan Rosado
|
0-0: Ground out U3 (Groundball, 3)
|
Bottom of the 4th over - 1 run, 1 hit, 0 errors, 0 left on base; Gwinnett County 1 - Idaho Falls 1 |
TOP OF THE 5TH |
Gwinnett County Black Cats batting - Pitching for Idaho Falls Chukars : RHP Noah Beck
|
Batting: RHB Rikky van Opel
|
0-0: Foul Ball, location: 2F 0-1: Called Strike 0-2: Ball 1-2: Ball 2-2: Foul Ball, location: 2F 2-2: Foul Ball, location: 2F 2-2: Fly out, F9 (Flyball, 89M)
|
Batting: RHB Bill Wilson
|
0-0: Ball 1-0: Ground out 5-3 (Groundball, 5)
|
Batting: RHB Elder Sarrano
|
0-0: Called Strike 0-1: Ball 1-1: Ground out 4-3 (Groundball, 4)
|
Top of the 5th over - 0 runs, 0 hits, 0 errors, 0 left on base; Gwinnett County 1 - Idaho Falls 1 |
BOTTOM OF THE 5TH |
Idaho Falls Chukars batting - Pitching for Gwinnett County Black Cats : LHP Unto Leino
|
Batting: LHB Wulf Paauwe
|
0-0: Foul Ball, location: 2F 0-1: Ball 1-1: Foul Ball, location: 2F 1-2: Ball 2-2: Foul Ball, location: 2F 2-2: Ball 3-2: Strikes out swinging
|
Batting: RHB Paul Evison
|
0-0: Called Strike 0-1: Fly out, F9 (Flyball, 9D)
|
Batting: RHB Yoichibei Chikafuji
|
0-0: Ball 1-0: Foul Ball, location: 2F 1-1: Foul Ball, location: 2F 1-2: Ball 2-2: Foul Ball, location: 2F 2-2: Ball 3-2: Foul Ball, location: 2F 3-2: Base on Balls
|
Batting: LHB Jared Morningstar
|
0-0: Called Strike 0-1: Called Strike 0-2: Ball 1-2: SINGLE (Flyball, 34D) Yoichibei Chikafuji to second Runner from 2nd tries for 3rd, SAFE, no throw
|
Batting: RHB Ilkka Haapajarvi
|
0-0: Ball 1-0: Ball 2-0: Fly out, F9 (Flyball, 9S)
|
Bottom of the 5th over - 0 runs, 1 hit, 0 errors, 2 left on base; Gwinnett County 1 - Idaho Falls 1 |
TOP OF THE 6TH |
Gwinnett County Black Cats batting - Pitching for Idaho Falls Chukars : RHP Noah Beck
|
Batting: RHB José García
|
0-0: SINGLE (Groundball, 4MD)
|
Batting: RHB Sidney Mackell
|
0-0: Sac Bunt - play at first, batter OUT! 2-4 José García to second
|
Batting: LHB Ramón Vega
|
0-0: Foul Ball, location: 2F 0-1: Ball 1-1: Fly out, F6 (Popup, 6)
|
Batting: LHB Víctor Sánchez
|
0-0: Called Strike 0-1: Ball 1-1: Ball 2-1: Ball 3-1: Base on Balls
|
Batting: RHB Chang-lit Min
|
0-0: Foul Ball, location: 2F 0-1: Ball 1-1: Called Strike 1-2: Strikes out swinging
|
Top of the 6th over - 0 runs, 1 hit, 0 errors, 2 left on base; Gwinnett County 1 - Idaho Falls 1 |
BOTTOM OF THE 6TH |
Idaho Falls Chukars batting - Pitching for Gwinnett County Black Cats : LHP Unto Leino
|
Batting: SHB Tony Manzanares
|
0-0: SINGLE (Flyball, 7S)
|
Batting: LHB Víctor Puente
|
0-0: Ball 1-0: Fielders Choice at 2nd, 5-4 (Groundball, 5)
|
Batting: RHB Luo-lang Li
|
0-0: Foul Ball, location: 2F Pickoff Throw to First - Out! 0-1: Ball 1-1: Ball 2-1: Foul Ball, location: 2F 2-2: SINGLE (Groundball, 4D)
|
Batting: LHB Juan Rosado
|
0-0: Fly out, F2 (Popup, 15S)
|
Bottom of the 6th over - 0 runs, 2 hits, 0 errors, 1 left on base; Gwinnett County 1 - Idaho Falls 1 |
TOP OF THE 7TH |
Gwinnett County Black Cats batting - Pitching for Idaho Falls Chukars : RHP Noah Beck
|
Batting: LHB Marvello Obra
|
0-0: Ball 1-0: Ball 2-0: Called Strike 2-1: Called Strike 2-2: Ground out 4-3 (Groundball, 4MD)
|
Batting: RHB Rikky van Opel
|
0-0: SINGLE (Line Drive, 9LM)
|
Batting: RHB Bill Wilson
|
0-0: Swinging Strike 0-1: Ball 1-1: Foul Ball, location: 2F 1-2: Ball 2-2: Strikes out swinging
|
Pinch Hitting: RHB Matt Jeong
|
0-0: Ball 1-0: Foul Ball, location: 2F 1-1: Foul Ball, location: 2F 1-2: Foul Ball, location: 2F 1-2: Foul Ball, location: 2F 1-2: SINGLE (Groundball, 4MD) Rikky van Opel to second
|
Pinch Hitting: RHB Kauna Aleferede
|
0-0: Ball 1-0: Ball 2-0: Called Strike 2-1: Reached on error, E6 (Groundball, 6) Rikky van Opel to third Matt Jeong to second
|
Pitching: RHP Chin-seok Hwang
|
|
Batting: RHB Sidney Mackell
|
0-0: Called Strike 0-1: Ball 1-1: Called Strike 1-2: Ball 2-2: Ball Wild Pitch! Rikky van Opel scores Matt Jeong to third Kauna Aleferede to second 3-2: Strikes out looking
|
Top of the 7th over - 1 run, 2 hits, 1 error, 2 left on base; Gwinnett County 2 - Idaho Falls 1 |
BOTTOM OF THE 7TH |
Idaho Falls Chukars batting - Pitching for Gwinnett County Black Cats : LHP Unto Leino
|
Now in LF: Kauna Aleferede
|
|
Now in RF: Matt Jeong
|
|
Batting: LHB Wulf Paauwe
|
0-0: Ball 1-0: Ball 2-0: Ball 3-0: Ground out 5-3 (Groundball, 56)
|
Batting: RHB Paul Evison
|
0-0: Called Strike 0-1: Foul Ball, location: 2F 0-2: SINGLE (Groundball, 56D)
|
Batting: RHB Yoichibei Chikafuji
|
0-0: Ball 1-0: SINGLE (Line Drive, 34D) Paul Evison to second
|
Batting: LHB Jared Morningstar
|
0-0: Hit by Pitch Paul Evison to third Yoichibei Chikafuji to second
|
Batting: RHB Ilkka Haapajarvi
|
0-0: Ball 1-0: Ball 2-0: Ball 3-0: Called Strike 3-1: Fly out, F8 (Flyball, 89D) Runner from 3rd tags up, SCORES, throw made
|
Batting: SHB Tony Manzanares
|
0-0: Called Strike 0-1: Foul Ball, location: 2F 0-2: Ball 1-2: Ball 2-2: Fly out, F6 (Flyball, 56D)
|
Bottom of the 7th over - 1 run, 2 hits, 0 errors, 2 left on base; Gwinnett County 2 - Idaho Falls 2 |
TOP OF THE 8TH |
Gwinnett County Black Cats batting - Pitching for Idaho Falls Chukars : RHP Chin-seok Hwang
|
Batting: LHB Ramón Vega
|
0-0: Ball 1-0: Called Strike 1-1: Ball 2-1: Swinging Strike 2-2: Strikes out looking
|
Batting: LHB Víctor Sánchez
|
0-0: Swinging Strike 0-1: Foul Ball, location: 2F 0-2: Ball 1-2: Strikes out swinging
|
Batting: RHB Chang-lit Min
|
0-0: Ball 1-0: Foul Ball, location: 2F 1-1: SINGLE (Flyball, 89S)
|
Batting: LHB Marvello Obra
|
0-0: Ball 1-0: Ball 2-0: Ball 3-0: Called Strike 3-1: Swinging Strike 3-2: Strikes out swinging
|
Top of the 8th over - 0 runs, 1 hit, 0 errors, 1 left on base; Gwinnett County 2 - Idaho Falls 2 |
BOTTOM OF THE 8TH |
Idaho Falls Chukars batting - Pitching for Gwinnett County Black Cats : LHP Unto Leino
|
Pitching: RHP Orinosuke Hayakawa
|
|
Batting: LHB Víctor Puente
|
0-0: Ball 1-0: SINGLE (Line Drive, 34D)
|
Pinch Hitting: SHB Ernesto Carrión
|
0-0: Bunted foul 0-1: Bunt missed! 0-2: Ball 1-2: Fly out, F9 (Flyball, 9LM)
|
Batting: LHB Juan Rosado
|
0-0: Bunted foul 0-1: Bunt missed! 0-2: Ball 1-2: Ground out 5-3 (Groundball, 56) Víctor Puente to second
|
Batting: LHB Wulf Paauwe
|
0-0: Called Strike 0-1: Fly out, F8 (Flyball, 8RD)
|
Bottom of the 8th over - 0 runs, 1 hit, 0 errors, 1 left on base; Gwinnett County 2 - Idaho Falls 2 |
TOP OF THE 9TH |
Gwinnett County Black Cats batting - Pitching for Idaho Falls Chukars : RHP Chin-seok Hwang
|
Now in LF: Ernesto Carrión
|
|
Batting: RHB Rikky van Opel
|
0-0: Swinging Strike 0-1: Foul Ball, location: 2F 0-2: Ground out 5-3 (Groundball, 56S)
|
Batting: RHB Bill Wilson
|
0-0: Called Strike 0-1: Ball 1-1: Fly out, F7 (Flyball, 7LS)
|
Batting: RHB Matt Jeong
|
0-0: Ball 1-0: Ball 2-0: Ball 3-0: Called Strike 3-1: Base on Balls
|
Batting: RHB Kauna Aleferede
|
0-0: Ball 1-0: Ball 2-0: Called Strike 2-1: Foul Ball, location: 2F 2-2: Fly out, F7 (Flyball, 78D)
|
Top of the 9th over - 0 runs, 0 hits, 0 errors, 1 left on base; Gwinnett County 2 - Idaho Falls 2 |
BOTTOM OF THE 9TH |
Idaho Falls Chukars batting - Pitching for Gwinnett County Black Cats : RHP Orinosuke Hayakawa
|
Batting: RHB Paul Evison
|
0-0: Ball 1-0: Foul Ball, location: 2F 1-1: SINGLE (Line Drive, 78M)
|
Pinch Runner at 1st Pedro Martínez:
|
|
Batting: RHB Yoichibei Chikafuji
|
0-0: Ball 1-0: Ball 2-0: Sac Bunt - play at first, batter OUT! U3 Pedro Martínez to second
|
Batting: LHB Jared Morningstar
|
0-0: Ball 1-0: Ball 2-0: Ball 3-0: Called Strike 3-1: SINGLE (Line Drive, 9S) Pedro Martínez to third Runner from 3rd tries for Home, SAFE, no throw
|
Tuesday, December 19th, 2017 - OOTP Baseball 18.8 Build 76
|
|